Rangers vs Canucks

Created - November 30, 2015 at 17:46

Goals
1 2 3 T
Rangers 1 0 2 3
Canucks 0 0 0 0
Shots
1 2 3 T
Rangers 5 5 10 20
Canucks 9 16 12 37

1st period

1. Rangers , Lance Bouma 3 (Chris Tanev, Karl Alzner) at 16:41

Penalties :
Anton Volchenkov (NYR) for Interference (Minor) at 5:43, Lance Bouma (NYR) for Interference (Minor) at 14:30

2nd period

No Goal

Penalties :
Eric Brewer (NYR) for High sticking (Minor) at 3:25, Karl Alzner (NYR) for Holding (Minor) at 9:00

3rd period

2. Rangers , Eric Brewer 2 (Matt Calvert, Jaromir Jagr) at 6:45
3. Rangers , Zemgus Girgensons 5 (Benoit Pouliot, Tomas Tatar) at 18:56

Penalties :
Eric Brewer (NYR) for Tripping (Minor) at 11:39

Goalie Stats

Brian Elliott (NYR), 37 saves from 37 shots - (1.000), W, 14-12-1, 60:00 minutes
Henrik Lundqvist (VAN), 17 saves from 20 shots - (0.850), L, 16-7-2, 60:00 minutes

Players Stats for Rangers

Player Name              G  A  P  +/- PIM S  H  SB GA TA FO     MP     PP MP  PK MP  
------------------------------------------------------------------------------------
Alex Goligoski           0  0  0   0  0   0  3  4  0  0  0/0    24:54   0:00   5:07 
Anton Volchenkov         0  0  0   2  2   1  1  0  0  0  0/0    12:34   0:00   0:00 
Benoit Pouliot           0  1  1   1  0   3  1  0  0  0  1/2    21:17   0:00   5:58 
Brad Richards            0  0  0   0  0   0  0  0  0  0  3/4     2:24   0:00   0:16 
Bryan Allen              0  0  0   0  0   0  0  0  0  0  0/0     0:00   0:00   0:00 
Chris Tanev              0  1  1   1  0   0  0  1  0  0  0/0    20:02   0:00   2:19 
Craig Smith              0  0  0   1  0   1  1  0  0  0  0/0    18:23   0:00   0:00 
David Jones              0  0  0   0  0   0  0  0  0  0  0/0     2:08   0:00   0:00 
Eric Brewer              1  0  1   2  4   1  2  1  0  0  0/0    15:27   0:00   2:54 
Jaromir Jagr             0  1  1   1  0   1  0  0  0  0  2/2    14:15   0:00   0:00 
Karl Alzner              0  1  1   1  2   0  1  0  0  0  0/0    20:08   0:00   3:31 
Kris Russell             0  0  0   0  0   0  0  4  0  0  0/0    26:51   0:00   5:59 
Lance Bouma              1  0  1   1  2   2  0  0  0  0  1/1    23:03   0:00   2:33 
Matt Calvert             0  1  1   1  0   4  2  0  0  0  0/1    15:39   0:00   1:24 
Sean Couturier           0  0  0   1  0   1  0  1  0  0  15/31  20:45   0:00   6:30 
Tomas Tatar              0  1  1   1  0   0  0  0  0  0  1/2    15:19   0:00   0:00 
Tyler Ennis              0  0  0   1  0   1  0  0  0  0  7/18   18:23   0:00   0:00 
Zemgus Girgensons        1  0  1   1  0   5  0  0  0  0  10/24  18:28   0:00   3:09 

Players Stats for Canucks

Player Name              G  A  P  +/- PIM S  H  SB GA TA FO     MP     PP MP  PK MP  
------------------------------------------------------------------------------------
Adam Henrique            0  0  0  -2  0   4  1  0  0  0  1/1    16:07   3:36   0:00 
Alex Pietrangelo         0  0  0  -1  0   3  2  0  0  0  0/0    23:12   3:15   0:00 
Andrei Markov            0  0  0   0  0   0  0  1  0  0  0/0     0:35   0:00   0:00 
Brent Burns              0  0  0  -2  0   3  5  3  0  0  0/0    26:40   4:23   0:00 
Chris Kreider            0  0  0  -1  0   1  2  0  0  0  0/0    15:20   0:33   0:00 
Claude Giroux            0  0  0  -1  0   3  3  1  0  0  20/30  21:06   5:46   0:00 
Erik Karlsson            0  0  0  -1  0   2  2  1  0  0  0/0    28:01   6:14   0:00 
Evgeny Kuznetsov         0  0  0   0  0   1  2  0  0  0  8/20   12:08   4:09   0:00 
Jimmy Hayes              0  0  0  -1  0   1  2  0  0  0  0/1    11:59   0:00   0:00 
Jonas Brodin             0  0  0   0  0   3  2  2  0  0  0/0    25:01   4:59   0:00 
Logan Couture            0  0  0  -1  0   2  0  0  0  0  1/2    21:06   5:46   0:00 
Marcus Kruger            0  0  0  -1  0   1  0  0  0  0  4/11   11:59   0:00   0:00 
Matt Cooke               0  0  0   0  0   1  5  0  0  0  1/1     7:59   0:00   0:00 
Phil Kessel              0  0  0  -1  0   3  0  0  0  0  0/0    18:56   4:09   0:00 
Reilly Smith             0  0  0   0  0   1  0  0  0  0  0/0     7:59   0:00   0:00 
Ryan Johansen            0  0  0  -1  0   5  0  1  0  0  10/18  20:33   5:46   0:00 
Ryan Strome              0  0  0  -1  0   3  1  0  0  0  0/1    15:20   0:00   0:00 
Simon Despres            0  0  0  -1  0   0  3  1  0  0  0/0    15:59   0:59   0:00 

3 Stars

1 - Brian Elliott (NYR)
2 - Zemgus Girgensons (NYR)
3 - Matt Calvert (NYR)

Power Play

Rangers - 0 on 0 Attempt(s) - 0.00%
Canucks - 0 on 5 Attempt(s) - 0.00%

Penalty Kill

Rangers - 5 on 5 Attempt(s) - 100.00% - Score 0 goal in Penalty Kill
Canucks - 0 on 0 Attempt(s) - 0.00% - Score 0 goal in Penalty Kill

Team Stat

Rangers - Hits : 11 - Faceoff Wins : 40 - Blocked Shots : 11 - Penalty Minutes : 10
Canucks - Hits : 30 - Faceoff Wins : 45 - Blocked Shots : 10 - Penalty Minutes : 0

Official

Referees : Mark Lemelin and Rob Martell
Linesman : Michel Cormier and Greg Devorski

Game Notes

Andrei Markov is injured at 2:04 of 1st period (Strained Right Elbow)

Finance

Level 1 -- Attendance: 6487 (99.80%) -- Ticket Income $518,960
Level 2 -- Attendance: 5000 (100.00%) -- Ticket Income $325,000
Level 3 -- Attendance: 3238 (92.51%) -- Ticket Income $161,900
Level 4 -- Attendance: 2706 (92.99%) -- Ticket Income $67,650
Luxury Box -- Attendance: 670 (67.00%) -- Ticket Income $167,500
Game was played at the Rogers Arena.
Total Attendance: 18101 (95.72%)
Total Ticket Income: $1,241,010
Other Income: $186,152
Total Income: $1,427,162

% Time on Ice - Rangers

Lines # - Real PCT - Wanted PCT - Time Play
Normal Forward
1 - 37% - 40% - 18:23
2 - 31% - 30% - 15:19
3 - 28% - 20% - 14:15
4 - 4% - 10% - 2:08
Normal Defense
1 - 40% - 40% - 19:47
2 - 33% - 30% - 16:38
3 - 25% - 20% - 12:35
4 - 2% - 10% - 1:05
PP Forward
1 - 0% - 60%
2 - 0% - 40%
PP Defense
1 - 0% - 60%
2 - 0% - 40%
PK Forward
1 - 68% - 60% - 6:46
2 - 32% - 40% - 3:09
PK Defense
1 - 52% - 60% - 5:07
2 - 48% - 40% - 4:48
PK3 Forward
1 - 0% - 60%
2 - 0% - 40%
PK3 Defense
1 - 0% - 60%
2 - 0% - 40%
44 Forward
1 - 0% - 60%
2 - 0% - 40%
44 Defense
1 - 0% - 60%
2 - 0% - 40%
Last Minute Offensive  - 0:00
Last Minute Defensive  - 0:00
Total
Forward - 60:00
Defense - 60:00

% Time on Ice - Canucks

Lines # - Real PCT - Wanted PCT - Time Play
Normal Forward
1 - 31% - 33% - 15:20
2 - 30% - 30% - 14:47
3 - 24% - 25% - 11:59
4 - 16% - 12% - 7:59
Normal Defense
1 - 43% - 35% - 21:30
2 - 20% - 32% - 10:12
3 - 28% - 27% - 13:54
4 - 9% - 6% - 4:29
PP Forward
1 - 58% - 57% - 5:46
2 - 42% - 43% - 4:09
PP Defense
1 - 67% - 53% - 6:40
2 - 33% - 47% - 3:15
PK Forward
1 - 0% - 55%
2 - 0% - 45%
PK Defense
1 - 0% - 50%
2 - 0% - 50%
PK3 Forward
1 - 0% - 52%
2 - 0% - 48%
PK3 Defense
1 - 0% - 51%
2 - 0% - 49%
44 Forward
1 - 0% - 55%
2 - 0% - 45%
44 Defense
1 - 0% - 52%
2 - 0% - 48%
Last Minute Offensive  - 0:00
Last Minute Defensive  - 0:00
Total
Forward - 60:00
Defense - 60:00

Play by Play

1st period


0:01 of 1st period - Logan Couture wins face-off versus Tyler Ennis in neutral zone.
0:27 of 1st period - Shot by Alex Pietrangelo.
0:27 of 1st period - Stopped by Brian Elliott without a rebound.
0:28 of 1st period - Ryan Johansen wins face-off versus Zemgus Girgensons in Rangers zone.
1:40 of 1st period - Shot by Jaromir Jagr.
1:40 of 1st period - Shot Misses the Net.
1:53 of 1st period - Brent Burns is hit by Eric Brewer and loses puck.
1:57 of 1st period - Icing by Eric Brewer.
1:58 of 1st period - Sean Couturier wins face-off versus Evgeny Kuznetsov in Rangers zone.
1:58 of 1st period - Sean Couturier is hit by Matt Cooke.
2:04 of 1st period - Shot by Sean Couturier.
2:04 of 1st period - Shot Blocked by Andrei Markov.
2:04 of 1st period - Andrei Markov from Canucks is injured at 2:04 of 1st period (Strained Right Elbow).
2:05 of 1st period - Tyler Ennis wins face-off versus Claude Giroux in Canucks zone.
2:16 of 1st period - Shot by Ryan Strome.
2:16 of 1st period - Shot Misses the Net.
2:18 of 1st period - Shot by Erik Karlsson.
2:18 of 1st period - Shot Misses the Net.
2:30 of 1st period - Shot by Ryan Strome.
2:30 of 1st period - Stopped by Brian Elliott without a rebound.
2:31 of 1st period - Sean Couturier wins face-off versus Evgeny Kuznetsov in Rangers zone.
2:31 of 1st period - Sean Couturier is hit by Matt Cooke.
2:40 of 1st period - Icing by Matt Cooke.
2:41 of 1st period - Brad Richards wins face-off versus Evgeny Kuznetsov in Canucks zone.
2:50 of 1st period - Shot by Kris Russell.
2:50 of 1st period - Shot Blocked by Brent Burns.
2:52 of 1st period - Shot by Lance Bouma.
2:52 of 1st period - Stopped by Henrik Lundqvist without a rebound.
2:53 of 1st period - Sean Couturier wins face-off versus Marcus Kruger in Canucks zone.
3:05 of 1st period - Erik Karlsson is hit by Matt Calvert and loses puck.
3:16 of 1st period - Shot by Matt Calvert.
3:16 of 1st period - Deflect By Sean Couturier.
3:16 of 1st period - Shot Blocked by Brent Burns.
3:27 of 1st period - Icing by Erik Karlsson.
3:28 of 1st period - Marcus Kruger wins face-off versus Tyler Ennis in Canucks zone.
3:54 of 1st period - Icing by Karl Alzner.
3:55 of 1st period - Claude Giroux wins face-off versus Tyler Ennis in Rangers zone.
4:11 of 1st period - Claude Giroux is hit by Karl Alzner and loses puck.
4:34 of 1st period - Shot by Logan Couture.
4:34 of 1st period - Shot Misses the Net.
4:36 of 1st period - Shot by Logan Couture.
4:36 of 1st period - Stopped by Brian Elliott with a rebound.
4:38 of 1st period - Shot by Logan Couture.
4:38 of 1st period - Stopped by Brian Elliott without a rebound.
4:39 of 1st period - Ryan Johansen wins face-off versus Zemgus Girgensons in Rangers zone.
4:54 of 1st period - Zemgus Girgensons is hit by Simon Despres and loses puck.
5:22 of 1st period - Shot by Benoit Pouliot.
5:22 of 1st period - Shot Blocked by Simon Despres.
5:24 of 1st period - Shot by Zemgus Girgensons.
5:24 of 1st period - Stopped by Henrik Lundqvist without a rebound.
5:25 of 1st period - Sean Couturier wins face-off versus Evgeny Kuznetsov in Canucks zone.
5:43 of 1st period - Minor Penalty to Anton Volchenkov for Interference.
5:44 of 1st period - Claude Giroux wins face-off versus Sean Couturier in Rangers zone.
6:18 of 1st period - Claude Giroux is hit by Alex Goligoski and loses puck.
6:30 of 1st period - Icing by Jonas Brodin.
6:31 of 1st period - Claude Giroux wins face-off versus Zemgus Girgensons in Canucks zone.
7:20 of 1st period - Shot by Phil Kessel.
7:20 of 1st period - Stopped by Brian Elliott without a rebound.
7:21 of 1st period - Evgeny Kuznetsov wins face-off versus Zemgus Girgensons in Rangers zone.
7:26 of 1st period - Shot by Alex Pietrangelo.
7:26 of 1st period - Shot Misses the Net.
7:28 of 1st period - Shot by Evgeny Kuznetsov.
7:28 of 1st period - Shot Misses the Net.
7:32 of 1st period - Shot by Evgeny Kuznetsov.
7:32 of 1st period - Shot Blocked by Alex Goligoski.
7:48 of 1st period - Shot by Jimmy Hayes.
7:48 of 1st period - Stopped by Brian Elliott without a rebound.
7:49 of 1st period - Claude Giroux wins face-off versus Matt Calvert in Rangers zone.
8:09 of 1st period - Shot by Ryan Strome.
8:09 of 1st period - Shot Misses the Net.
8:50 of 1st period - Shot by Phil Kessel.
8:50 of 1st period - Deflect By Ryan Johansen.
8:50 of 1st period - Shot Blocked by Chris Tanev.
9:14 of 1st period - Shot by Ryan Johansen.
9:14 of 1st period - Stopped by Brian Elliott without a rebound.
9:15 of 1st period - Tyler Ennis wins face-off versus Marcus Kruger in Rangers zone.
9:28 of 1st period - Icing by Jonas Brodin.
9:29 of 1st period - Marcus Kruger wins face-off versus Zemgus Girgensons in Canucks zone.
9:44 of 1st period - Icing by Anton Volchenkov.
9:45 of 1st period - Zemgus Girgensons wins face-off versus Ryan Johansen in Rangers zone.
11:03 of 1st period - Lance Bouma is hit by Claude Giroux and loses puck.
11:17 of 1st period - Tyler Ennis is hit by Brent Burns and loses puck.
11:50 of 1st period - Shot by Sean Couturier.
11:50 of 1st period - Shot Misses the Net.
11:59 of 1st period - Matt Calvert is hit by Jonas Brodin and loses puck.
12:02 of 1st period - Shot by Matt Calvert.
12:02 of 1st period - Shot Blocked by Jonas Brodin.
12:04 of 1st period - Shot by Jaromir Jagr.
12:04 of 1st period - Shot Misses the Net.
12:06 of 1st period - Shot by Sean Couturier.
12:06 of 1st period - Stopped by Henrik Lundqvist without a rebound.
12:07 of 1st period - Evgeny Kuznetsov wins face-off versus Zemgus Girgensons in Canucks zone.
12:24 of 1st period - Shot by Tomas Tatar.
12:24 of 1st period - Deflect By Zemgus Girgensons.
12:24 of 1st period - Shot Blocked by Jonas Brodin.
12:26 of 1st period - Shot by Benoit Pouliot.
12:26 of 1st period - Shot Misses the Net.
12:45 of 1st period - Shot by Zemgus Girgensons.
12:45 of 1st period - Shot Hit the Post.
12:50 of 1st period - Benoit Pouliot is hit by Jonas Brodin and loses puck.
13:05 of 1st period - Off-side.
13:06 of 1st period - Sean Couturier wins face-off versus Ryan Johansen in neutral zone.
13:22 of 1st period - Matt Calvert is hit by Chris Kreider.
13:34 of 1st period - Shot by Matt Calvert.
13:34 of 1st period - Stopped by Henrik Lundqvist with a rebound.
13:36 of 1st period - Shot by Kris Russell.
13:36 of 1st period - Deflect By Matt Calvert.
13:36 of 1st period - Shot Misses the Net.
13:57 of 1st period - Icing by Brent Burns.
13:58 of 1st period - Ryan Johansen wins face-off versus Tyler Ennis in Canucks zone.
13:58 of 1st period - Erik Karlsson is hit by Craig Smith and loses puck.
14:30 of 1st period - Minor Penalty to Lance Bouma for Interference.
14:31 of 1st period - Evgeny Kuznetsov wins face-off versus Sean Couturier in Rangers zone.
15:37 of 1st period - Shot by Brent Burns.
15:37 of 1st period - Stopped by Brian Elliott without a rebound.
15:38 of 1st period - Zemgus Girgensons wins face-off versus Evgeny Kuznetsov in Rangers zone.
15:49 of 1st period - Kris Russell is hit by Evgeny Kuznetsov and loses puck.
16:29 of 1st period - Shot by Claude Giroux.
16:29 of 1st period - Shot Misses the Net.
16:37 of 1st period - Shot by Lance Bouma.
16:37 of 1st period - Shot Misses the Net.
16:39 of 1st period - Shot by Chris Tanev.
16:39 of 1st period - Shot Blocked by Brent Burns.
16:41 of 1st period - Shot by Lance Bouma.
16:41 of 1st period - Goal by Lance Bouma - Rangers : 1 - Canucks : 0.
16:42 of 1st period - Brad Richards wins face-off versus Logan Couture in neutral zone.
17:55 of 1st period - Shot by Adam Henrique.
17:55 of 1st period - Stopped by Brian Elliott without a rebound.
17:56 of 1st period - Zemgus Girgensons wins face-off versus Evgeny Kuznetsov in Rangers zone.
18:28 of 1st period - Tomas Tatar is hit by Matt Cooke and loses puck.
19:10 of 1st period - Alex Pietrangelo is hit by Anton Volchenkov and loses puck.
19:20 of 1st period - Off-side.
19:21 of 1st period - Ryan Johansen wins face-off versus Tyler Ennis in neutral zone.
19:48 of 1st period - Shot by Tyler Ennis.
19:48 of 1st period - Shot Blocked by Ryan Johansen.
Goals for this period are 1 for Rangers vs 0 for Canucks.
Shots for this period are 5 for Rangers vs 9 for Canucks.

2nd period


0:01 of 2nd period - Claude Giroux wins face-off versus Tyler Ennis in neutral zone.
0:39 of 2nd period - Lance Bouma is hit by Erik Karlsson and loses puck.
0:42 of 2nd period - Shot by Tyler Ennis.
0:42 of 2nd period - Shot Misses the Net.
0:44 of 2nd period - Shot by Kris Russell.
0:44 of 2nd period - Shot Misses the Net.
0:51 of 2nd period - Icing by Erik Karlsson.
0:52 of 2nd period - Tomas Tatar wins face-off versus Claude Giroux in Canucks zone.
0:55 of 2nd period - Shot by Benoit Pouliot.
0:55 of 2nd period - Shot Blocked by Claude Giroux.
0:57 of 2nd period - Shot by Benoit Pouliot.
0:57 of 2nd period - Stopped by Henrik Lundqvist without a rebound.
0:58 of 2nd period - Adam Henrique wins face-off versus Tomas Tatar in Canucks zone.
1:18 of 2nd period - Benoit Pouliot is hit by Simon Despres and loses puck.
1:21 of 2nd period - Shot by Zemgus Girgensons.
1:21 of 2nd period - Shot Misses the Net.
1:26 of 2nd period - Zemgus Girgensons is hit by Brent Burns.
1:34 of 2nd period - Shot by Tomas Tatar.
1:34 of 2nd period - Shot Misses the Net.
1:36 of 2nd period - Shot by Zemgus Girgensons.
1:36 of 2nd period - Shot Misses the Net.
1:38 of 2nd period - Shot by Chris Tanev.
1:38 of 2nd period - Shot Misses the Net.
2:16 of 2nd period - Icing by Kris Russell.
2:17 of 2nd period - Sean Couturier wins face-off versus Ryan Johansen in Rangers zone.
2:27 of 2nd period - Jonas Brodin is hit by Alex Goligoski and loses puck.
2:32 of 2nd period - Shot by Ryan Johansen.
2:32 of 2nd period - Shot Misses the Net.
2:34 of 2nd period - Shot by Jonas Brodin.
2:34 of 2nd period - Shot Misses the Net.
2:36 of 2nd period - Shot by Jonas Brodin.
2:36 of 2nd period - Shot Misses the Net.
2:38 of 2nd period - Shot by Ryan Johansen.
2:38 of 2nd period - Stopped by Brian Elliott without a rebound.
2:39 of 2nd period - Claude Giroux wins face-off versus Tyler Ennis in Rangers zone.
2:54 of 2nd period - Shot by Ryan Strome.
2:54 of 2nd period - Stopped by Brian Elliott with a rebound.
3:22 of 2nd period - Shot by Logan Couture.
3:22 of 2nd period - Shot Misses the Net.
3:25 of 2nd period - Minor Penalty to Eric Brewer for High sticking.
3:26 of 2nd period - Evgeny Kuznetsov wins face-off versus Sean Couturier in Rangers zone.
3:39 of 2nd period - Alex Goligoski is hit by Adam Henrique and loses puck.
3:44 of 2nd period - Shot by Alex Pietrangelo.
3:44 of 2nd period - Shot Blocked by Alex Goligoski.
3:46 of 2nd period - Shot by Alex Pietrangelo.
3:46 of 2nd period - Deflect By Phil Kessel.
3:46 of 2nd period - Shot Misses the Net.
3:48 of 2nd period - Shot by Evgeny Kuznetsov.
3:48 of 2nd period - Stopped by Brian Elliott with a rebound.
3:50 of 2nd period - Shot by Brent Burns.
3:50 of 2nd period - Stopped by Brian Elliott without a rebound.
3:51 of 2nd period - Claude Giroux wins face-off versus Sean Couturier in Rangers zone.
4:02 of 2nd period - Shot by Erik Karlsson.
4:02 of 2nd period - Shot Blocked by Kris Russell.
4:04 of 2nd period - Shot by Jonas Brodin.
4:04 of 2nd period - Shot Blocked by Kris Russell.
4:06 of 2nd period - Shot by Claude Giroux.
4:06 of 2nd period - Shot Misses the Net.
4:08 of 2nd period - Shot by Jonas Brodin.
4:08 of 2nd period - Shot Blocked by Kris Russell.
4:10 of 2nd period - Shot by Jonas Brodin.
4:10 of 2nd period - Stopped by Brian Elliott without a rebound.
4:11 of 2nd period - Sean Couturier wins face-off versus Evgeny Kuznetsov in Rangers zone.
4:11 of 2nd period - Sean Couturier is hit by Evgeny Kuznetsov.
4:27 of 2nd period - Shot by Alex Pietrangelo.
4:27 of 2nd period - Stopped by Brian Elliott without a rebound.
4:28 of 2nd period - Claude Giroux wins face-off versus Sean Couturier in Rangers zone.
4:53 of 2nd period - Shot by Erik Karlsson.
4:53 of 2nd period - Shot Misses the Net.
5:28 of 2nd period - Craig Smith is hit by Brent Burns and loses puck.
5:35 of 2nd period - Shot by Craig Smith.
5:35 of 2nd period - Stopped by Henrik Lundqvist without a rebound.
5:36 of 2nd period - Brad Richards wins face-off versus Evgeny Kuznetsov in Canucks zone.
5:55 of 2nd period - Shot by Reilly Smith.
5:55 of 2nd period - Stopped by Brian Elliott without a rebound.
5:56 of 2nd period - Zemgus Girgensons wins face-off versus Marcus Kruger in Rangers zone.
5:56 of 2nd period - Zemgus Girgensons is hit by Jimmy Hayes.
6:01 of 2nd period - Alex Goligoski is hit by Alex Pietrangelo and loses puck.
6:19 of 2nd period - Kris Russell is hit by Alex Pietrangelo and loses puck.
7:38 of 2nd period - Jonas Brodin is hit by Matt Calvert and loses puck.
7:59 of 2nd period - Icing by Marcus Kruger.
8:00 of 2nd period - Benoit Pouliot wins face-off versus Marcus Kruger in Canucks zone.
8:11 of 2nd period - Jonas Brodin is hit by Benoit Pouliot and loses puck.
8:54 of 2nd period - Shot by Phil Kessel.
8:54 of 2nd period - Stopped by Brian Elliott without a rebound.
8:55 of 2nd period - Claude Giroux wins face-off versus Tyler Ennis in Rangers zone.
9:00 of 2nd period - Minor Penalty to Karl Alzner for Holding.
9:01 of 2nd period - Sean Couturier wins face-off versus Claude Giroux in Rangers zone.
10:23 of 2nd period - Shot by Phil Kessel.
10:23 of 2nd period - Stopped by Brian Elliott without a rebound.
10:24 of 2nd period - Zemgus Girgensons wins face-off versus Claude Giroux in Rangers zone.
10:49 of 2nd period - Shot by Claude Giroux.
10:49 of 2nd period - Stopped by Brian Elliott without a rebound.
10:50 of 2nd period - Sean Couturier wins face-off versus Evgeny Kuznetsov in Rangers zone.
11:24 of 2nd period - Shot by Matt Cooke.
11:24 of 2nd period - Stopped by Brian Elliott without a rebound.
11:25 of 2nd period - Ryan Johansen wins face-off versus Zemgus Girgensons in Rangers zone.
11:55 of 2nd period - Icing by Karl Alzner.
11:56 of 2nd period - Claude Giroux wins face-off versus Zemgus Girgensons in Rangers zone.
12:01 of 2nd period - Shot by Logan Couture.
12:01 of 2nd period - Shot Misses the Net.
12:03 of 2nd period - Shot by Erik Karlsson.
12:03 of 2nd period - Shot Misses the Net.
12:32 of 2nd period - Icing by Tyler Ennis.
12:33 of 2nd period - Tyler Ennis wins face-off versus Marcus Kruger in Rangers zone.
12:48 of 2nd period - Shot by Tyler Ennis.
12:48 of 2nd period - Shot Misses the Net.
12:55 of 2nd period - Off-side.
12:56 of 2nd period - Jaromir Jagr wins face-off versus Ryan Johansen in neutral zone.
13:08 of 2nd period - Icing by Erik Karlsson.
13:09 of 2nd period - Ryan Johansen wins face-off versus Tyler Ennis in Canucks zone.
13:22 of 2nd period - Shot by Ryan Johansen.
13:22 of 2nd period - Stopped by Brian Elliott without a rebound.
13:23 of 2nd period - Claude Giroux wins face-off versus Zemgus Girgensons in Rangers zone.
13:34 of 2nd period - Shot by Brent Burns.
13:34 of 2nd period - Stopped by Brian Elliott without a rebound.
13:35 of 2nd period - Tyler Ennis wins face-off versus Ryan Johansen in Rangers zone.
13:52 of 2nd period - Alex Goligoski is hit by Chris Kreider and loses puck.
13:59 of 2nd period - Shot by Ryan Johansen.
13:59 of 2nd period - Stopped by Brian Elliott without a rebound.
14:00 of 2nd period - Zemgus Girgensons wins face-off versus Claude Giroux in Rangers zone.
14:44 of 2nd period - Shot by Claude Giroux.
14:44 of 2nd period - Stopped by Brian Elliott without a rebound.
14:45 of 2nd period - Lance Bouma wins face-off versus Ryan Johansen in Rangers zone.
15:03 of 2nd period - Ryan Johansen is hit by Alex Goligoski and loses puck.
15:16 of 2nd period - Shot by Phil Kessel.
15:16 of 2nd period - Shot Misses the Net.
15:49 of 2nd period - Shot by Matt Calvert.
15:49 of 2nd period - Stopped by Henrik Lundqvist without a rebound.
15:50 of 2nd period - Claude Giroux wins face-off versus Zemgus Girgensons in Canucks zone.
15:56 of 2nd period - Off-side.
15:57 of 2nd period - Zemgus Girgensons wins face-off versus Claude Giroux in neutral zone.
16:19 of 2nd period - Karl Alzner is hit by Claude Giroux and loses puck.
18:10 of 2nd period - Icing by Simon Despres.
18:11 of 2nd period - Sean Couturier wins face-off versus Ryan Johansen in Canucks zone.
18:12 of 2nd period - Shot by Jaromir Jagr.
18:12 of 2nd period - Stopped by Henrik Lundqvist without a rebound.
18:13 of 2nd period - Sean Couturier wins face-off versus Ryan Strome in Canucks zone.
18:17 of 2nd period - Jaromir Jagr is hit by Brent Burns and loses puck.
18:25 of 2nd period - Shot by Jaromir Jagr.
18:25 of 2nd period - Shot Hit the Post.
18:27 of 2nd period - Shot by Anton Volchenkov.
18:27 of 2nd period - Stopped by Henrik Lundqvist without a rebound.
18:28 of 2nd period - Ryan Johansen wins face-off versus Sean Couturier in Canucks zone.
19:46 of 2nd period - Shot by Claude Giroux.
19:46 of 2nd period - Stopped by Brian Elliott without a rebound.
19:47 of 2nd period - Zemgus Girgensons wins face-off versus Marcus Kruger in Rangers zone.
Goals for this period are 0 for Rangers vs 0 for Canucks.
Shots for this period are 5 for Rangers vs 16 for Canucks.

3rd period


0:01 of 3rd period - Tyler Ennis wins face-off versus Claude Giroux in neutral zone.
0:01 of 3rd period - Kris Russell is hit by Ryan Strome and loses puck.
1:22 of 3rd period - Zemgus Girgensons is hit by Simon Despres and loses puck.
1:25 of 3rd period - Shot by Zemgus Girgensons.
1:25 of 3rd period - Stopped by Henrik Lundqvist without a rebound.
1:26 of 3rd period - Marcus Kruger wins face-off versus Sean Couturier in Canucks zone.
1:45 of 3rd period - Shot by Adam Henrique.
1:45 of 3rd period - Stopped by Brian Elliott with a rebound.
1:47 of 3rd period - Shot by Adam Henrique.
1:47 of 3rd period - Stopped by Brian Elliott with a rebound.
1:49 of 3rd period - Shot by Erik Karlsson.
1:49 of 3rd period - Shot Blocked by Sean Couturier.
2:16 of 3rd period - Icing by Eric Brewer.
2:17 of 3rd period - Claude Giroux wins face-off versus Sean Couturier in Rangers zone.
2:21 of 3rd period - Icing by Eric Brewer.
2:22 of 3rd period - Sean Couturier wins face-off versus Claude Giroux in Rangers zone.
2:40 of 3rd period - Icing by Claude Giroux.
2:41 of 3rd period - Tyler Ennis wins face-off versus Claude Giroux in Canucks zone.
2:51 of 3rd period - Off-side.
2:52 of 3rd period - Ryan Johansen wins face-off versus Zemgus Girgensons in neutral zone.
2:55 of 3rd period - Shot by Chris Kreider.
2:55 of 3rd period - Stopped by Brian Elliott without a rebound.
2:56 of 3rd period - Ryan Johansen wins face-off versus Tyler Ennis in Rangers zone.
2:59 of 3rd period - Shot by Phil Kessel.
2:59 of 3rd period - Shot Blocked by Alex Goligoski.
4:04 of 3rd period - Shot by Ryan Strome.
4:04 of 3rd period - Stopped by Brian Elliott without a rebound.
4:05 of 3rd period - Matt Cooke wins face-off versus Sean Couturier in Rangers zone.
4:10 of 3rd period - Shot by Reilly Smith.
4:10 of 3rd period - Shot Blocked by Eric Brewer.
4:15 of 3rd period - Matt Calvert is hit by Matt Cooke and loses puck.
4:23 of 3rd period - Anton Volchenkov is hit by Matt Cooke and loses puck.
6:45 of 3rd period - Shot by Eric Brewer.
6:45 of 3rd period - Goal by Eric Brewer - Rangers : 2 - Canucks : 0.
6:46 of 3rd period - Zemgus Girgensons wins face-off versus Jimmy Hayes in neutral zone.
7:05 of 3rd period - Shot by Zemgus Girgensons.
7:05 of 3rd period - Stopped by Henrik Lundqvist without a rebound.
7:06 of 3rd period - Jaromir Jagr wins face-off versus Ryan Johansen in Canucks zone.
7:13 of 3rd period - Shot by Matt Calvert.
7:13 of 3rd period - Stopped by Henrik Lundqvist without a rebound.
7:14 of 3rd period - Claude Giroux wins face-off versus Sean Couturier in Canucks zone.
7:33 of 3rd period - Shot by Matt Calvert.
7:33 of 3rd period - Stopped by Henrik Lundqvist with a rebound.
9:16 of 3rd period - Shot by Benoit Pouliot.
9:16 of 3rd period - Stopped by Henrik Lundqvist without a rebound.
9:17 of 3rd period - Sean Couturier wins face-off versus Marcus Kruger in Canucks zone.
9:42 of 3rd period - Shot by Adam Henrique.
9:42 of 3rd period - Stopped by Brian Elliott with a rebound.
9:44 of 3rd period - Shot by Marcus Kruger.
9:44 of 3rd period - Stopped by Brian Elliott with a rebound.
10:11 of 3rd period - Icing by Brent Burns.
10:12 of 3rd period - Tyler Ennis wins face-off versus Evgeny Kuznetsov in Canucks zone.
10:12 of 3rd period - Tyler Ennis is hit by Brent Burns.
10:17 of 3rd period - Tyler Ennis is hit by Erik Karlsson and loses puck.
11:01 of 3rd period - Icing by Erik Karlsson.
11:02 of 3rd period - Evgeny Kuznetsov wins face-off versus Zemgus Girgensons in Canucks zone.
11:04 of 3rd period - Icing by Erik Karlsson.
11:05 of 3rd period - Zemgus Girgensons wins face-off versus Evgeny Kuznetsov in Canucks zone.
11:32 of 3rd period - Shot by Benoit Pouliot.
11:32 of 3rd period - Stopped by Henrik Lundqvist without a rebound.
11:33 of 3rd period - Claude Giroux wins face-off versus Sean Couturier in Canucks zone.
11:37 of 3rd period - Jonas Brodin is hit by Eric Brewer and loses puck.
11:39 of 3rd period - Minor Penalty to Eric Brewer for Tripping.
11:40 of 3rd period - Claude Giroux wins face-off versus Sean Couturier in Rangers zone.
11:45 of 3rd period - Shot by Ryan Johansen.
11:45 of 3rd period - Shot Blocked by Kris Russell.
11:47 of 3rd period - Shot by Alex Pietrangelo.
11:47 of 3rd period - Stopped by Brian Elliott without a rebound.
11:48 of 3rd period - Claude Giroux wins face-off versus Sean Couturier in Rangers zone.
12:23 of 3rd period - Shot by Ryan Johansen.
12:23 of 3rd period - Stopped by Brian Elliott without a rebound.
12:24 of 3rd period - Sean Couturier wins face-off versus Evgeny Kuznetsov in Rangers zone.
12:35 of 3rd period - Shot by Erik Karlsson.
12:35 of 3rd period - Stopped by Brian Elliott without a rebound.
12:36 of 3rd period - Evgeny Kuznetsov wins face-off versus Sean Couturier in Rangers zone.
12:37 of 3rd period - Shot by Jonas Brodin.
12:37 of 3rd period - Shot Blocked by Alex Goligoski.
12:39 of 3rd period - Shot by Erik Karlsson.
12:39 of 3rd period - Shot Misses the Net.
12:41 of 3rd period - Shot by Jonas Brodin.
12:41 of 3rd period - Shot Misses the Net.
12:43 of 3rd period - Shot by Jonas Brodin.
12:43 of 3rd period - Stopped by Brian Elliott without a rebound.
12:44 of 3rd period - Claude Giroux wins face-off versus Sean Couturier in Rangers zone.
12:53 of 3rd period - Shot by Erik Karlsson.
12:53 of 3rd period - Stopped by Brian Elliott without a rebound.
12:54 of 3rd period - Sean Couturier wins face-off versus Claude Giroux in Rangers zone.
12:54 of 3rd period - Sean Couturier is hit by Claude Giroux.
13:16 of 3rd period - Shot by Logan Couture.
13:16 of 3rd period - Shot Misses the Net.
13:18 of 3rd period - Shot by Logan Couture.
13:18 of 3rd period - Shot Misses the Net.
13:20 of 3rd period - Shot by Erik Karlsson.
13:20 of 3rd period - Shot Misses the Net.
13:22 of 3rd period - Shot by Jonas Brodin.
13:22 of 3rd period - Stopped by Brian Elliott without a rebound.
13:23 of 3rd period - Evgeny Kuznetsov wins face-off versus Zemgus Girgensons in Rangers zone.
13:30 of 3rd period - Shot by Adam Henrique.
13:30 of 3rd period - Shot Misses the Net.
13:36 of 3rd period - Shot by Brent Burns.
13:36 of 3rd period - Shot Misses the Net.
13:38 of 3rd period - Shot by Alex Pietrangelo.
13:38 of 3rd period - Shot Misses the Net.
15:35 of 3rd period - Icing by Sean Couturier.
15:36 of 3rd period - Evgeny Kuznetsov wins face-off versus Sean Couturier in Rangers zone.
17:08 of 3rd period - Shot by Tyler Ennis.
17:08 of 3rd period - Stopped by Henrik Lundqvist without a rebound.
17:09 of 3rd period - Claude Giroux wins face-off versus Brad Richards in Canucks zone.
17:21 of 3rd period - Shot by Brad Richards.
17:21 of 3rd period - Shot Misses the Net.
17:23 of 3rd period - Shot by David Jones.
17:23 of 3rd period - Shot Blocked by Erik Karlsson.
18:29 of 3rd period - Off-side.
18:30 of 3rd period - Marcus Kruger wins face-off versus Benoit Pouliot in neutral zone.
18:33 of 3rd period - Benoit Pouliot is hit by Jimmy Hayes and loses puck.
18:56 of 3rd period - Shot by Zemgus Girgensons.
18:56 of 3rd period - Goal by Zemgus Girgensons - Rangers : 3 - Canucks : 0.
18:57 of 3rd period - Ryan Johansen wins face-off versus Tyler Ennis in neutral zone.
19:08 of 3rd period - Shot by Ryan Johansen.
19:08 of 3rd period - Shot Misses the Net.
19:51 of 3rd period - Shot by Zemgus Girgensons.
19:51 of 3rd period - Stopped by Henrik Lundqvist without a rebound.
19:52 of 3rd period - Claude Giroux wins face-off versus Zemgus Girgensons in Canucks zone.
Goals for this period are 2 for Rangers vs 0 for Canucks.
Shots for this period are 10 for Rangers vs 12 for Canucks.